 Dungeon Crawl Stone Soup version 0.27.1-33-g824d729ab1 (webtiles) character file.

Game seed: 4690209751719969127

560 Fortus the Slasher (level 7, -14/52 HPs)
             Began as a Demonspawn Fighter on Dec 12, 2021.
             Was a Priest of Lugonu.
             Demolished by an ogre (29 damage)
             ... on level 3 of the Dungeon.
             The game lasted 00:11:19 (4210 turns).

Fortus the Slasher (Demonspawn Fighter)             Turns: 4210, Time: 00:11:20

Health: -14/52     AC: 12    Str: 19    XL:     7   Next: 9%
Magic:  9/11       EV: 11    Int:  9    God:    Lugonu [***...]
Gold:   124        SH:  9    Dex: 12    Spells: 6/6 levels left

rFire    . . .     SeeInvis .   a - +0 long sword
rCold    . . .     Faith    +   c - +0 kite shield
rNeg     . . .     Spirit   .   b - +0 scale mail
rPois    .         Reflect  .   (no helmet)
rElec    .         Harm     .   (no cloak)
rCorr    .         Rampage  .   (no gloves)
Will     .....                  (no boots)
Stlth    ..........             k - amulet of faith
HPRegen  0.17/turn              s - +4 ring of evasion
MPRegen  0.12/turn              (no ring)

@: sanguine armoured
A: demonic guardian 2, sanguine armour 1
a: Renounce Religion, Depart the Abyss, Bend Space, Banish


You were on level 3 of the Dungeon.
You worshipped Lugonu.
Lugonu was most pleased with you.
You visited 1 branch of the dungeon, and saw 4 of its levels.

You collected 124 gold pieces.

Inventory:

Hand Weapons
 a - a +0 long sword (weapon)
Armour
 b - a +0 scale mail (worn)
 c - a +0 kite shield (worn)
Jewellery
 e - an amulet of the acrobat
 k - an amulet of faith (around neck)
 s - a +4 ring of evasion (left hand)
Scrolls
 f - 2 scrolls of fog {unknown}
 g - a scroll of enchant armour {unknown}
 i - a scroll of vulnerability {unknown}
 l - a scroll of acquirement {unknown}
 p - a scroll of teleportation {unknown}
 v - a scroll of magic mapping {unknown}
Potions
 h - a potion of cancellation
 j - a potion of magic {unknown}
 m - a potion of curing
 n - 4 potions of degeneration {unknown}
 o - a potion of heal wounds {unknown}
 q - a potion of brilliance {unknown}
 r - 2 potions of flight {unknown}
 t - a potion of lignification {unknown}
 u - a potion of attraction {unknown}
 w - a potion of haste {unknown}


   Skills:
 - Level 3.0 Fighting
 * Level 5.9 Long Blades
 - Level 2.6 Armour
 - Level 2.6 Shields
 * Level 5.4 Invocations


You had 6 spell levels left.
You didn't know any spells.
Your spell library contained the following spells:

 Spells                   Type           Power      Damage    Failure   Level
 Sandblast                Erth           0%         2d4       99%         1
 Passwall                 Tmut/Erth      0%         N/A       100%        2
 Lee's Rapid Deconstruct  Erth           0%         3d5*      100%        5


Dungeon Overview and Level Annotations

Branches:
Dungeon (4/15)
 Temple: D:4-7

Altars:
Wu Jian
Lugonu

Shops:
D:1 :


Innate Abilities, Weirdness & Mutations

A demonic guardian rushes to your aid.
When seriously injured, your bleeding wounds create armour. (AC +6)


Message History

The goblin misses you. Grinder gestures at you.
You barely resist. You completely miss Grinder.
Grinder is heavily wounded.
You block the goblin's attack. Grinder barely misses you.
You slash Grinder!
Grinder is almost dead.
You block the goblin's attack. Grinder gestures at you.
You resist with significant effort. The goblin closely misses you.
Grinder gestures at you. You resist with significant effort.
You slash Grinder!
You kill Grinder!
Lugonu accepts your kill.
You feel a little less mighty now. The goblin misses you.
Your Invocations skill increases to level 5!
You have reached level 7!
Your demonic ancestry asserts itself...
Your guardian grows in power.
You slash the goblin!
You kill the goblin!
Lugonu accepts your kill.
You slash the ogre!
The ogre is heavily wounded.
The ogre hits you with a +0 giant club!
You hit the ogre.
The ogre is severely wounded.
The ogre hits you with a +0 giant club!
* * * LOW HITPOINT WARNING * * *
You hit the ogre.
The ogre is almost dead.
You block the ogre's attack.
You hit the ogre but do no damage.
The ogre is almost dead.
The ogre hits you with a +0 giant club!!
Ouch! That really hurt!
You die...

.###.....##########
.........##########
................)..
........)..########
....#.....#
#####.....# ###
##### #.....# #..
......#####.....#
#.#
......)@...######
#.# ....##O###.#
#.# . #..
#.###########.# #.(
#.......##....' #(.
#######+##...## ###
.........#...##
#............ ..
#......###### #.#
#####'###


You could see an ogre.

Vanquished Creatures
  Grinder (D:3)
  2 hounds
  Natasha (thrice) (D:2)
  2 adders
  A worm (D:2)
  An orc (D:3)
  3 endoplasms
  3 giant cockroaches (D:1)
  17 goblins
  5 hobgoblins
  4 jackals (D:1)
  2 quokkas (D:1)
  7 ball pythons
  6 bats
  4 frilled lizards
  5 kobolds
  11 rats
77 creatures vanquished.

Vanquished Creatures (collateral kills)
  Sigmund (D:3)
  A phantom (D:3)
  An adder (D:3)
  A hobgoblin (D:2)
  A quokka (D:4)
  2 bats
7 creatures vanquished.

Vanquished Creatures (others)
  A demonic plant (D:1)
  2 fungi (D:1)
  4 toadstools (D:1)
  2 withered plants (D:1)
9 creatures vanquished.

Grand Total: 93 creatures vanquished

Notes
Turn   | Place    | Note
-------+----------+-------------------------------------------
     0 | D:1      | Fortus the Demonspawn Fighter began the quest for the Orb.
     0 | D:1      | Reached XP level 1. HP: 18/18 MP: 1/1
   229 | D:1      | Gained mutation: When seriously injured, your bleeding
                  | wounds create armour. (AC +6) [demonic ancestry]
   229 | D:1      | Reached XP level 2. HP: 20/24 MP: 2/2
   512 | D:1      | Found Zuhuv's Book Shop.
   614 | D:1      | Found a faded altar of an unknown god.
   635 | D:1      | Became a worshipper of Lugonu the Unformed
   635 | D:1      | Reached * piety under Lugonu
   635 | D:1      | Reached ** piety under Lugonu
   714 | D:1      | Gained mutation: A weak demonic guardian rushes to your
                  | aid. [demonic ancestry]
   714 | D:1      | Reached XP level 3. HP: 27/29 MP: 3/3
  1002 | D:2      | Found an ornate altar of the Wu Jian Council.
  1848 | D:2      | Noticed Natasha
  1862 | D:2      | Killed Natasha
  1863 | D:2      | Reached XP level 4. HP: 6/35 MP: 4/4
  2215 | D:2      | You fall into a shaft and drop 2 floors!
  2244 | D:4      | Noticed a necrophage
  2262 | D:4      | Noticed a phantom
  2266 | D:4      | Noticed a scorpion
  2327 | D:4      | Reached skill level 1 in Invocations
  2329 | D:4      | Noticed an ogre
  2330 | D:4      | Noticed a scorpion
  2412 | D:3      | HP: 1/35 [phantom (7)]
  2435 | D:3      | Killed a phantom
  2436 | D:3      | Reached XP level 5. HP: 5/41 MP: 5/7
  2715 | D:3      | Reached skill level 5 in Long Blades
  2731 | D:3      | Reached *** piety under Lugonu
  2839 | D:2      | Noticed Natasha
  2847 | D:2      | Killed Natasha
  3100 | D:2      | Found an ornate altar of the Wu Jian Council.
  3503 | D:2      | Noticed Natasha
  3524 | D:2      | Killed Natasha
  3525 | D:2      | Reached XP level 6. HP: 8/47 MP: 8/8
  3952 | D:3      | Noticed Sigmund
  3984 | D:3      | Killed Sigmund
  4168 | D:3      | Noticed Grinder
  4205 | D:3      | Killed Grinder
  4206 | D:3      | Reached skill level 5 in Invocations
  4206 | D:3      | Gained mutation: A demonic guardian rushes to your aid.
                  | [demonic ancestry]
  4206 | D:3      | Reached XP level 7. HP: 30/52 MP: 9/11
  4210 | D:3      | Demolished by an ogre

Illustrated notes

Levels and vault maps discovered:
D:1:      ldierk_water_garden, layout_loops_ring, shapermc_ecumenical_altar_gd,
          serial_shops, nicolae_shop_trees, dk_noncrumbling_3
D:2:      layout_basic, basic_altar, minmay_bisected, uniq_natasha
D:3:      layout_basic, minmay_ogre_servants, uniq_grinder, uniq_sigmund
D:4:      minmay_chambers_of_threes, layout_loops_corners

Skill      XL: |  1  2  3  4  5  6 |
---------------+-------------------+-----
Long Blades    | 2 3 4 5 |  5.9
Invocations    | 2 3 5 |  5.4
Fighting       | |  3.0
Armour         | |  2.6
Shields        | |  2.6

Action                   |  1- 3 |  4- 6 |  7- 9 || total
-------------------------+-------+-------+-------++-------
Melee: Long sword        |   161 |   107 |     5 ||   273
  Use: Potion            |       |     3 |       ||     3
Armor: Scale mail        |    90 |    50 |       ||   140
Dodge: Dodged            |    61 |    70 |       ||   131
Block: Kite shield       |    93 |    53 |     1 ||   147
       Rpst.: Long sword |    17 |    21 |       ||    38
